AoeStats
← paulgabduggan

Arabia

504540823Analyzed
1v1 RM · 26d ago on Sep 5, 2026· 49m 14s· 2 players
Game mode
Random Map
Map size
Tiny (2 player)
Population
200
Speed
Normal
Resources
Standard
Victory
Conquest
Starting age
Dark Age
Ending age
Imperial Age
RankedLock teamsTeams togetherTeam positionsShared explorationLock speedFull tech treeHidden civsTurbo modeCheats
Victory
Defeat
🇺🇸 Malians · United States
1548
+16
🇺🇸 Chinese · United States
1540
-16
TeKarino
0:33 Loom
8:45 Feudal Age
16:20 Double-Bit Axe
16:15 Horse Collar
20:46 Castle Age
19:16 Fletching
20:27 Bloodlines
20:58 Padded Archer Armor
21:05 Elite Skirmisher
22:03 Leather Archer Armor
23:10 Bodkin Arrow
24:23 Town Watch
25:58 Bow Saw
29:33 Husbandry
31:35 Stone Mining
32:37 Ballistics
33:44 Thumb Ring
38:04 Wheelbarrow
39:32 Hand Cart
paulgabduggan
7:13 Loom
9:49 Feudal Age
11:06 Double-Bit Axe
15:42 Fletching
18:19 Wheelbarrow
20:57 Castle Age
19:05 Gold Mining
19:11 Horse Collar
20:06 Bloodlines
21:56 Bow Saw
21:43 Bodkin Arrow
21:09 Crossbowman
23:36 Ballistics
26:46 Scale Barding Armor
30:36 Chain Barding Armor
30:53 Elite Skirmisher
36:25 Imperial Age
38:13 Chemistry
37:17 Padded Archer Armor
36:51 Cavalier
Connection lost

Rejoining the realm…

Still unreachable

The connection could not be restored.

Session expired

The server has moved on; the page needs a fresh start.